 Dungeon Crawl Stone Soup version 0.18-a0-1778-gadce9fa (webtiles) character file.

86 Cathrinf the Skirmisher (level 4, -8/38 HPs)
             Began as a Centaur Fighter on Apr 16, 2016.
             Mangled by an ogre
             ... wielding a +0 giant spiked club
              (25 damage)
             ... on level 6 of the Dungeon.
             The game lasted 00:09:20 (1141 turns).

Cathrinf the Skirmisher (Centaur Fighter)           Turns: 1141, Time: 00:09:20

Health: -8/38      AC:  6    Str: 20      XL:     4   Next: 27%
Magic:  4/4        EV:  5    Int:  5 (7)  God:
Gold:   102        SH:  8    Dex:  8      Spells: 0 memorised, 3 levels left

rFire  . . .     SeeInvis .     a - +0 long sword
rCold  . . .     Gourm    .     i - +0 scale mail (curse)
rNeg   . . .     Faith    .     c - +0 shield
rPois  .         Spirit   .     (no helmet)
rElec  .         Dismiss  .     (no cloak)
rCorr  .         Reflect  .     (no gloves)
SustAt .         Harm     .     (no barding)
MR     .....                    (no amulet)
Stlth  ..........               (no ring)
                                (no ring)

@: very quick, not resistant to hostile enchantments, extremely unstealthy
A: hooves 3, deformed body, speed 2, tough skin 3
a: no special abilities


You were on level 6 of the Dungeon.
You were not hungry.

You visited 1 branch of the dungeon, and saw 6 of its levels.

You collected 102 gold pieces.

Inventory:

Hand Weapons
 a - a +0 long sword (weapon)
 e - a +0 mace
Armour
 b - a +0 scale mail
 c - a +0 shield (worn)
 i - a cursed +0 scale mail (worn)
 l - a +0 plate armour
Scrolls
 h - 2 scrolls of teleportation
Potions
 d - a potion of might
Comestibles
 f - 4 bread rations
 g - a slice of pizza
 j - 3 meat rations
 k - 2 fruits
 m - a beef jerky


   Skills:
 + Level 3.3 Fighting
 + Level 2.1 Long Blades
 + Level 2.9 Armour
 + Level 0.7 Dodging
 + Level 2.7 Shields


You had 3 spell levels left.
You didn't know any spells.

Dungeon Overview and Level Annotations

Branches:
Dungeon (6/15)
 Temple: D:4-7

Altars:

Portals:
Sewer: D:3


Innate Abilities, Weirdness & Mutations

You have hooves in place of feet.
Armour fits poorly on your strangely shaped body.
You cover ground very quickly.
You have extremely tough skin (AC +3).


Message History

You see here a dart slug corpse.
The phantom blinks!
You see here a bread ration.
f - 4 bread rations (gained 1)
The phantom blinks!
Found a stone staircase leading down.
A worker ant comes into view.
The worker ant twitches its antennae in your direction.
There is a stone staircase leading down here.
You climb downwards.
Found a stone staircase leading down.
There is a stone staircase leading up here.
There is a stone staircase leading down here.
You climb downwards.
There is a stone staircase leading up here.
An ogre comes into view. It is wielding a giant spiked club.
The ogre shouts!
The ogre hits you with a giant spiked club!!
Ouch! That really hurt!
You die...

### ..#
#####.#
#..<#O#
#.###@#
#.....#
#######


You could see an ogre.

Vanquished Creatures
  A giant frog skeleton (D:4)
  A hound skeleton (D:4)
  2 adders (D:4)
  2 dart slugs
  A bat (D:1)
  A giant cockroach (D:1)
  3 goblins
  4 hobgoblins
  3 jackals (D:4)
  2 kobolds
  A quokka (D:2)
  3 rats
24 creatures vanquished.

Notes
Turn   | Place    | Note
--------------------------------------------------------------
     0 | D:1      | Cathrinf the Centaur Fighter began the quest for the Orb.
     0 | D:1      | Reached XP level 1. HP: 19/19 MP: 1/1
   338 | D:1      | Reached XP level 2. HP: 25/26 MP: 2/2
   613 | D:3      | Found a glowing drain.
   689 | D:4      | Reached XP level 3. HP: 5/31 MP: 3/3
  1047 | D:4      | Noticed a phantom
  1056 | D:4      | Reached XP level 4. HP: 13/38 MP: 4/4
  1124 | D:5      | Entered Level 5 of the Dungeon
  1139 | D:6      | Noticed an ogre
  1141 | D:6      | Mangled by an ogre

Vault maps used:
D:1:      elethiomel_arrival_fortress_basement
D:2:      minmay_misc_feat_nine_boxes
D:3:      good_gods_temple_1, nicolae_overflow_hidden_temple,
          lemuel_coloured_pillars_altar, overflow_temple_1_default,
          gup_sewer_entry_glass, minmay_hedge_maze, st_stairs_9,
          kennysheep_generic_room_6
D:4:      minmay_temple_entry_grid, first_bread, minmay_misc_feat_chi,
          hex_large, uniq_edmund
D:5:      amethyst_overflow_temple_binary, uniq_eustachio
D:6:      serial_shops, shop, kennysheep_windowed_goal

Skill      XL: |  1  2 |
---------------+-------+-----
Long Blades    | 2 |  2.1
Fighting       | |  3.3
Armour         | |  2.9
Dodging        | |  0.7
Shields        | |  2.7

Action                   |  1- 3 |  4- 6 || total
-------------------------+-------+-------++-------
Melee: Long sword        |    84 |    12 ||    96
       Kick              |    11 |     6 ||    17
  Use: Scroll            |     7 |       ||     7
       Potion            |     3 |     1 ||     4
  Eat: Pizza             |     1 |       ||     1
       Fruit             |       |     1 ||     1
Armor: Scale mail        |    65 |     8 ||    73
Dodge: Dodged            |    28 |     3 ||    31
Block: Shield            |    45 |     9 ||    54
